%YAML 1.1
%TAG !u! tag:unity3d.com,2011:
--- !u!1 &3857423631667195141
GameObject:
  m_ObjectHideFlags: 0
  m_CorrespondingSourceObject: {fileID: 0}
  m_PrefabInstance: {fileID: 0}
  m_PrefabAsset: {fileID: 0}
  serializedVersion: 6
  m_Component:
  - component: {fileID: 3857423631667195142}
  m_Layer: 0
  m_Name: Slot1
  m_TagString: Untagged
  m_Icon: {fileID: 0}
  m_NavMeshLayer: 0
  m_StaticEditorFlags: 0
  m_IsActive: 1
--- !u!224 &3857423631667195142
RectTransform:
  m_ObjectHideFlags: 0
  m_CorrespondingSourceObject: {fileID: 0}
  m_PrefabInstance: {fileID: 0}
  m_PrefabAsset: {fileID: 0}
  m_GameObject: {fileID: 3857423631667195141}
  m_LocalRotation: {x: 0, y: 0, z: 0, w: 1}
  m_LocalPosition: {x: 0, y: 0, z: 0}
  m_LocalScale: {x: 1, y: 1, z: 1}
  m_ConstrainProportionsScale: 0
  m_Children:
  - {fileID: 3857423631766942389}
  m_Father: {fileID: 3857423632068963946}
  m_RootOrder: 0
  m_LocalEulerAnglesHint: {x: 0, y: 0, z: 0}
  m_AnchorMin: {x: 0, y: 0}
  m_AnchorMax: {x: 0.5, y: 1}
  m_AnchoredPosition: {x: 0, y: 0}
  m_SizeDelta: {x: 0, y: 0}
  m_Pivot: {x: 0.5, y: 0.5}
--- !u!1 &3857423631923260137
GameObject:
  m_ObjectHideFlags: 0
  m_CorrespondingSourceObject: {fileID: 0}
  m_PrefabInstance: {fileID: 0}
  m_PrefabAsset: {fileID: 0}
  serializedVersion: 6
  m_Component:
  - component: {fileID: 3857423631923260138}
  m_Layer: 0
  m_Name: Slot2
  m_TagString: Untagged
  m_Icon: {fileID: 0}
  m_NavMeshLayer: 0
  m_StaticEditorFlags: 0
  m_IsActive: 1
--- !u!224 &3857423631923260138
RectTransform:
  m_ObjectHideFlags: 0
  m_CorrespondingSourceObject: {fileID: 0}
  m_PrefabInstance: {fileID: 0}
  m_PrefabAsset: {fileID: 0}
  m_GameObject: {fileID: 3857423631923260137}
  m_LocalRotation: {x: 0, y: 0, z: 0, w: 1}
  m_LocalPosition: {x: 0, y: 0, z: 0}
  m_LocalScale: {x: 1, y: 1, z: 1}
  m_ConstrainProportionsScale: 0
  m_Children:
  - {fileID: 7629737413807793901}
  m_Father: {fileID: 3857423632068963946}
  m_RootOrder: 1
  m_LocalEulerAnglesHint: {x: 0, y: 0, z: 0}
  m_AnchorMin: {x: 0.5, y: 0}
  m_AnchorMax: {x: 1, y: 1}
  m_AnchoredPosition: {x: 0, y: 0}
  m_SizeDelta: {x: 0, y: 0}
  m_Pivot: {x: 0.5, y: 0.5}
--- !u!1 &3857423632068963942
GameObject:
  m_ObjectHideFlags: 0
  m_CorrespondingSourceObject: {fileID: 0}
  m_PrefabInstance: {fileID: 0}
  m_PrefabAsset: {fileID: 0}
  serializedVersion: 6
  m_Component:
  - component: {fileID: 3857423632068963946}
  - component: {fileID: 3857423632068963948}
  - component: {fileID: 3857423632068963947}
  - component: {fileID: 3857423632068963945}
  - component: {fileID: 3857423632068963944}
  - component: {fileID: 3857423632068963943}
  - component: {fileID: 2952059719743259858}
  m_Layer: 0
  m_Name: PlayerSelectionCanvas
  m_TagString: Untagged
  m_Icon: {fileID: 0}
  m_NavMeshLayer: 0
  m_StaticEditorFlags: 0
  m_IsActive: 1
--- !u!224 &3857423632068963946
RectTransform:
  m_ObjectHideFlags: 0
  m_CorrespondingSourceObject: {fileID: 0}
  m_PrefabInstance: {fileID: 0}
  m_PrefabAsset: {fileID: 0}
  m_GameObject: {fileID: 3857423632068963942}
  m_LocalRotation: {x: 0, y: 0, z: 0, w: 1}
  m_LocalPosition: {x: 0, y: 0, z: 0}
  m_LocalScale: {x: 0, y: 0, z: 0}
  m_ConstrainProportionsScale: 0
  m_Children:
  - {fileID: 3857423631667195142}
  - {fileID: 3857423631923260138}
  m_Father: {fileID: 0}
  m_RootOrder: 0
  m_LocalEulerAnglesHint: {x: 0, y: 0, z: 0}
  m_AnchorMin: {x: 0, y: 0}
  m_AnchorMax: {x: 0, y: 0}
  m_AnchoredPosition: {x: 0, y: 0}
  m_SizeDelta: {x: 0, y: 0}
  m_Pivot: {x: 0, y: 0}
--- !u!114 &3857423632068963948
MonoBehaviour:
  m_ObjectHideFlags: 0
  m_CorrespondingSourceObject: {fileID: 0}
  m_PrefabInstance: {fileID: 0}
  m_PrefabAsset: {fileID: 0}
  m_GameObject: {fileID: 3857423632068963942}
  m_Enabled: 1
  m_EditorHideFlags: 0
  m_Script: {fileID: 11500000, guid: 0ba168bc45f8bea479d2c2a31ddb5e5e, type: 3}
  m_Name: 
  m_EditorClassIdentifier: 
  playerSlot0: {fileID: 3857423631766942392}
  playerSlot1: {fileID: 7629737413807793888}
--- !u!114 &3857423632068963947
MonoBehaviour:
  m_ObjectHideFlags: 0
  m_CorrespondingSourceObject: {fileID: 0}
  m_PrefabInstance: {fileID: 0}
  m_PrefabAsset: {fileID: 0}
  m_GameObject: {fileID: 3857423632068963942}
  m_Enabled: 0
  m_EditorHideFlags: 0
  m_Script: {fileID: 11500000, guid: 621567455fd1c4ceb811cc8a00b6a1a5, type: 3}
  m_Name: 
  m_EditorClassIdentifier: 
  m_NotificationBehavior: 2
  m_MaxPlayerCount: -1
  m_AllowJoining: 1
  m_JoinBehavior: 0
  m_PlayerJoinedEvent:
    m_PersistentCalls:
      m_Calls: []
  m_PlayerLeftEvent:
    m_PersistentCalls:
      m_Calls: []
  m_JoinAction:
    m_UseReference: 0
    m_Action:
      m_Name: 
      m_Type: 0
      m_ExpectedControlType: 
      m_Id: 
      m_Processors: 
      m_Interactions: 
      m_SingletonActionBindings: []
      m_Flags: 0
    m_Reference: {fileID: 0}
  m_PlayerPrefab: {fileID: 6648796537935695623, guid: 34014744a1bd3594c99ac7ed079bd0ef,
    type: 3}
  m_SplitScreen: 0
  m_MaintainAspectRatioInSplitScreen: 0
  m_FixedNumberOfSplitScreens: -1
  m_SplitScreenRect:
    serializedVersion: 2
    x: 0
    y: 0
    width: 1
    height: 1
--- !u!223 &3857423632068963945
Canvas:
  m_ObjectHideFlags: 0
  m_CorrespondingSourceObject: {fileID: 0}
  m_PrefabInstance: {fileID: 0}
  m_PrefabAsset: {fileID: 0}
  m_GameObject: {fileID: 3857423632068963942}
  m_Enabled: 1
  serializedVersion: 3
  m_RenderMode: 0
  m_Camera: {fileID: 0}
  m_PlaneDistance: 100
  m_PixelPerfect: 0
  m_ReceivesEvents: 1
  m_OverrideSorting: 0
  m_OverridePixelPerfect: 0
  m_SortingBucketNormalizedSize: 0
  m_AdditionalShaderChannelsFlag: 25
  m_SortingLayerID: 0
  m_SortingOrder: 0
  m_TargetDisplay: 0
--- !u!114 &3857423632068963944
MonoBehaviour:
  m_ObjectHideFlags: 0
  m_CorrespondingSourceObject: {fileID: 0}
  m_PrefabInstance: {fileID: 0}
  m_PrefabAsset: {fileID: 0}
  m_GameObject: {fileID: 3857423632068963942}
  m_Enabled: 1
  m_EditorHideFlags: 0
  m_Script: {fileID: 11500000, guid: 0cd44c1031e13a943bb63640046fad76, type: 3}
  m_Name: 
  m_EditorClassIdentifier: 
  m_UiScaleMode: 1
  m_ReferencePixelsPerUnit: 100
  m_ScaleFactor: 1
  m_ReferenceResolution: {x: 1920, y: 1080}
  m_ScreenMatchMode: 0
  m_MatchWidthOrHeight: 0
  m_PhysicalUnit: 3
  m_FallbackScreenDPI: 96
  m_DefaultSpriteDPI: 96
  m_DynamicPixelsPerUnit: 1
  m_PresetInfoIsWorld: 0
--- !u!114 &3857423632068963943
MonoBehaviour:
  m_ObjectHideFlags: 0
  m_CorrespondingSourceObject: {fileID: 0}
  m_PrefabInstance: {fileID: 0}
  m_PrefabAsset: {fileID: 0}
  m_GameObject: {fileID: 3857423632068963942}
  m_Enabled: 0
  m_EditorHideFlags: 0
  m_Script: {fileID: 11500000, guid: dc42784cf147c0c48a680349fa168899, type: 3}
  m_Name: 
  m_EditorClassIdentifier: 
  m_IgnoreReversedGraphics: 1
  m_BlockingObjects: 0
  m_BlockingMask:
    serializedVersion: 2
    m_Bits: 4294967295
--- !u!95 &2952059719743259858
Animator:
  serializedVersion: 4
  m_ObjectHideFlags: 0
  m_CorrespondingSourceObject: {fileID: 0}
  m_PrefabInstance: {fileID: 0}
  m_PrefabAsset: {fileID: 0}
  m_GameObject: {fileID: 3857423632068963942}
  m_Enabled: 1
  m_Avatar: {fileID: 0}
  m_Controller: {fileID: 9100000, guid: 323b94d0c1740bb4a8892d1475615fcd, type: 2}
  m_CullingMode: 0
  m_UpdateMode: 0
  m_ApplyRootMotion: 0
  m_LinearVelocityBlending: 0
  m_StabilizeFeet: 0
  m_WarningMessage: 
  m_HasTransformHierarchy: 1
  m_AllowConstantClipSamplingOptimization: 1
  m_KeepAnimatorControllerStateOnDisable: 0
--- !u!1001 &3857423633144247192
PrefabInstance:
  m_ObjectHideFlags: 0
  serializedVersion: 2
  m_Modification:
    m_TransformParent: {fileID: 3857423631923260138}
    m_Modifications:
    - target: {fileID: 6659160956102155280, guid: 6d9805c923c40104cba75d80d3dd1427,
        type: 3}
      propertyPath: m_fontSize
      value: 72
      objectReference: {fileID: 0}
    - target: {fileID: 6659160956431963508, guid: 6d9805c923c40104cba75d80d3dd1427,
        type: 3}
      propertyPath: m_Name
      value: PlayerSlot
      objectReference: {fileID: 0}
    - target: {fileID: 6659160956431963509, guid: 6d9805c923c40104cba75d80d3dd1427,
        type: 3}
      propertyPath: m_Pivot.x
      value: 0.5
      objectReference: {fileID: 0}
    - target: {fileID: 6659160956431963509, guid: 6d9805c923c40104cba75d80d3dd1427,
        type: 3}
      propertyPath: m_Pivot.y
      value: 0.5
      objectReference: {fileID: 0}
    - target: {fileID: 6659160956431963509, guid: 6d9805c923c40104cba75d80d3dd1427,
        type: 3}
      propertyPath: m_RootOrder
      value: 0
      objectReference: {fileID: 0}
    - target: {fileID: 6659160956431963509, guid: 6d9805c923c40104cba75d80d3dd1427,
        type: 3}
      propertyPath: m_AnchorMax.x
      value: 0.9
      objectReference: {fileID: 0}
    - target: {fileID: 6659160956431963509, guid: 6d9805c923c40104cba75d80d3dd1427,
        type: 3}
      propertyPath: m_AnchorMax.y
      value: 0.9
      objectReference: {fileID: 0}
    - target: {fileID: 6659160956431963509, guid: 6d9805c923c40104cba75d80d3dd1427,
        type: 3}
      propertyPath: m_AnchorMin.x
      value: 0.1
      objectReference: {fileID: 0}
    - target: {fileID: 6659160956431963509, guid: 6d9805c923c40104cba75d80d3dd1427,
        type: 3}
      propertyPath: m_AnchorMin.y
      value: 0.1
      objectReference: {fileID: 0}
    - target: {fileID: 6659160956431963509, guid: 6d9805c923c40104cba75d80d3dd1427,
        type: 3}
      propertyPath: m_SizeDelta.x
      value: 0
      objectReference: {fileID: 0}
    - target: {fileID: 6659160956431963509, guid: 6d9805c923c40104cba75d80d3dd1427,
        type: 3}
      propertyPath: m_SizeDelta.y
      value: 0
      objectReference: {fileID: 0}
    - target: {fileID: 6659160956431963509, guid: 6d9805c923c40104cba75d80d3dd1427,
        type: 3}
      propertyPath: m_LocalPosition.x
      value: 0
      objectReference: {fileID: 0}
    - target: {fileID: 6659160956431963509, guid: 6d9805c923c40104cba75d80d3dd1427,
        type: 3}
      propertyPath: m_LocalPosition.y
      value: 0
      objectReference: {fileID: 0}
    - target: {fileID: 6659160956431963509, guid: 6d9805c923c40104cba75d80d3dd1427,
        type: 3}
      propertyPath: m_LocalPosition.z
      value: 0
      objectReference: {fileID: 0}
    - target: {fileID: 6659160956431963509, guid: 6d9805c923c40104cba75d80d3dd1427,
        type: 3}
      propertyPath: m_LocalRotation.w
      value: 1
      objectReference: {fileID: 0}
    - target: {fileID: 6659160956431963509, guid: 6d9805c923c40104cba75d80d3dd1427,
        type: 3}
      propertyPath: m_LocalRotation.x
      value: 0
      objectReference: {fileID: 0}
    - target: {fileID: 6659160956431963509, guid: 6d9805c923c40104cba75d80d3dd1427,
        type: 3}
      propertyPath: m_LocalRotation.y
      value: 0
      objectReference: {fileID: 0}
    - target: {fileID: 6659160956431963509, guid: 6d9805c923c40104cba75d80d3dd1427,
        type: 3}
      propertyPath: m_LocalRotation.z
      value: 0
      objectReference: {fileID: 0}
    - target: {fileID: 6659160956431963509, guid: 6d9805c923c40104cba75d80d3dd1427,
        type: 3}
      propertyPath: m_AnchoredPosition.x
      value: 0
      objectReference: {fileID: 0}
    - target: {fileID: 6659160956431963509, guid: 6d9805c923c40104cba75d80d3dd1427,
        type: 3}
      propertyPath: m_AnchoredPosition.y
      value: 0
      objectReference: {fileID: 0}
    - target: {fileID: 6659160956431963509, guid: 6d9805c923c40104cba75d80d3dd1427,
        type: 3}
      propertyPath: m_LocalEulerAnglesHint.x
      value: 0
      objectReference: {fileID: 0}
    - target: {fileID: 6659160956431963509, guid: 6d9805c923c40104cba75d80d3dd1427,
        type: 3}
      propertyPath: m_LocalEulerAnglesHint.y
      value: 0
      objectReference: {fileID: 0}
    - target: {fileID: 6659160956431963509, guid: 6d9805c923c40104cba75d80d3dd1427,
        type: 3}
      propertyPath: m_LocalEulerAnglesHint.z
      value: 0
      objectReference: {fileID: 0}
    - target: {fileID: 6659160957247520674, guid: 6d9805c923c40104cba75d80d3dd1427,
        type: 3}
      propertyPath: m_fontSize
      value: 72
      objectReference: {fileID: 0}
    - target: {fileID: 6659160957561314780, guid: 6d9805c923c40104cba75d80d3dd1427,
        type: 3}
      propertyPath: m_fontSize
      value: 72
      objectReference: {fileID: 0}
    m_RemovedComponents: []
  m_SourcePrefab: {fileID: 100100000, guid: 6d9805c923c40104cba75d80d3dd1427, type: 3}
--- !u!114 &7629737413807793888 stripped
MonoBehaviour:
  m_CorrespondingSourceObject: {fileID: 6659160956431963512, guid: 6d9805c923c40104cba75d80d3dd1427,
    type: 3}
  m_PrefabInstance: {fileID: 3857423633144247192}
  m_PrefabAsset: {fileID: 0}
  m_GameObject: {fileID: 0}
  m_Enabled: 1
  m_EditorHideFlags: 0
  m_Script: {fileID: 11500000, guid: 35432e0c7491a6e4d8254e5f31d8af7b, type: 3}
  m_Name: 
  m_EditorClassIdentifier: 
--- !u!224 &7629737413807793901 stripped
RectTransform:
  m_CorrespondingSourceObject: {fileID: 6659160956431963509, guid: 6d9805c923c40104cba75d80d3dd1427,
    type: 3}
  m_PrefabInstance: {fileID: 3857423633144247192}
  m_PrefabAsset: {fileID: 0}
--- !u!1001 &7629737412505987008
PrefabInstance:
  m_ObjectHideFlags: 0
  serializedVersion: 2
  m_Modification:
    m_TransformParent: {fileID: 3857423631667195142}
    m_Modifications:
    - target: {fileID: 6659160956102155280, guid: 6d9805c923c40104cba75d80d3dd1427,
        type: 3}
      propertyPath: m_fontSize
      value: 72
      objectReference: {fileID: 0}
    - target: {fileID: 6659160956431963508, guid: 6d9805c923c40104cba75d80d3dd1427,
        type: 3}
      propertyPath: m_Name
      value: PlayerSlot
      objectReference: {fileID: 0}
    - target: {fileID: 6659160956431963509, guid: 6d9805c923c40104cba75d80d3dd1427,
        type: 3}
      propertyPath: m_Pivot.x
      value: 0.5
      objectReference: {fileID: 0}
    - target: {fileID: 6659160956431963509, guid: 6d9805c923c40104cba75d80d3dd1427,
        type: 3}
      propertyPath: m_Pivot.y
      value: 0.5
      objectReference: {fileID: 0}
    - target: {fileID: 6659160956431963509, guid: 6d9805c923c40104cba75d80d3dd1427,
        type: 3}
      propertyPath: m_RootOrder
      value: 0
      objectReference: {fileID: 0}
    - target: {fileID: 6659160956431963509, guid: 6d9805c923c40104cba75d80d3dd1427,
        type: 3}
      propertyPath: m_AnchorMax.x
      value: 0.9
      objectReference: {fileID: 0}
    - target: {fileID: 6659160956431963509, guid: 6d9805c923c40104cba75d80d3dd1427,
        type: 3}
      propertyPath: m_AnchorMax.y
      value: 0.9
      objectReference: {fileID: 0}
    - target: {fileID: 6659160956431963509, guid: 6d9805c923c40104cba75d80d3dd1427,
        type: 3}
      propertyPath: m_AnchorMin.x
      value: 0.1
      objectReference: {fileID: 0}
    - target: {fileID: 6659160956431963509, guid: 6d9805c923c40104cba75d80d3dd1427,
        type: 3}
      propertyPath: m_AnchorMin.y
      value: 0.1
      objectReference: {fileID: 0}
    - target: {fileID: 6659160956431963509, guid: 6d9805c923c40104cba75d80d3dd1427,
        type: 3}
      propertyPath: m_SizeDelta.x
      value: 0
      objectReference: {fileID: 0}
    - target: {fileID: 6659160956431963509, guid: 6d9805c923c40104cba75d80d3dd1427,
        type: 3}
      propertyPath: m_SizeDelta.y
      value: 0
      objectReference: {fileID: 0}
    - target: {fileID: 6659160956431963509, guid: 6d9805c923c40104cba75d80d3dd1427,
        type: 3}
      propertyPath: m_LocalPosition.x
      value: 0
      objectReference: {fileID: 0}
    - target: {fileID: 6659160956431963509, guid: 6d9805c923c40104cba75d80d3dd1427,
        type: 3}
      propertyPath: m_LocalPosition.y
      value: 0
      objectReference: {fileID: 0}
    - target: {fileID: 6659160956431963509, guid: 6d9805c923c40104cba75d80d3dd1427,
        type: 3}
      propertyPath: m_LocalPosition.z
      value: 0
      objectReference: {fileID: 0}
    - target: {fileID: 6659160956431963509, guid: 6d9805c923c40104cba75d80d3dd1427,
        type: 3}
      propertyPath: m_LocalRotation.w
      value: 1
      objectReference: {fileID: 0}
    - target: {fileID: 6659160956431963509, guid: 6d9805c923c40104cba75d80d3dd1427,
        type: 3}
      propertyPath: m_LocalRotation.x
      value: 0
      objectReference: {fileID: 0}
    - target: {fileID: 6659160956431963509, guid: 6d9805c923c40104cba75d80d3dd1427,
        type: 3}
      propertyPath: m_LocalRotation.y
      value: 0
      objectReference: {fileID: 0}
    - target: {fileID: 6659160956431963509, guid: 6d9805c923c40104cba75d80d3dd1427,
        type: 3}
      propertyPath: m_LocalRotation.z
      value: 0
      objectReference: {fileID: 0}
    - target: {fileID: 6659160956431963509, guid: 6d9805c923c40104cba75d80d3dd1427,
        type: 3}
      propertyPath: m_AnchoredPosition.x
      value: 0
      objectReference: {fileID: 0}
    - target: {fileID: 6659160956431963509, guid: 6d9805c923c40104cba75d80d3dd1427,
        type: 3}
      propertyPath: m_AnchoredPosition.y
      value: 0
      objectReference: {fileID: 0}
    - target: {fileID: 6659160956431963509, guid: 6d9805c923c40104cba75d80d3dd1427,
        type: 3}
      propertyPath: m_LocalEulerAnglesHint.x
      value: 0
      objectReference: {fileID: 0}
    - target: {fileID: 6659160956431963509, guid: 6d9805c923c40104cba75d80d3dd1427,
        type: 3}
      propertyPath: m_LocalEulerAnglesHint.y
      value: 0
      objectReference: {fileID: 0}
    - target: {fileID: 6659160956431963509, guid: 6d9805c923c40104cba75d80d3dd1427,
        type: 3}
      propertyPath: m_LocalEulerAnglesHint.z
      value: 0
      objectReference: {fileID: 0}
    - target: {fileID: 6659160957247520674, guid: 6d9805c923c40104cba75d80d3dd1427,
        type: 3}
      propertyPath: m_fontSize
      value: 72
      objectReference: {fileID: 0}
    - target: {fileID: 6659160957561314780, guid: 6d9805c923c40104cba75d80d3dd1427,
        type: 3}
      propertyPath: m_fontSize
      value: 72
      objectReference: {fileID: 0}
    m_RemovedComponents: []
  m_SourcePrefab: {fileID: 100100000, guid: 6d9805c923c40104cba75d80d3dd1427, type: 3}
--- !u!224 &3857423631766942389 stripped
RectTransform:
  m_CorrespondingSourceObject: {fileID: 6659160956431963509, guid: 6d9805c923c40104cba75d80d3dd1427,
    type: 3}
  m_PrefabInstance: {fileID: 7629737412505987008}
  m_PrefabAsset: {fileID: 0}
--- !u!114 &3857423631766942392 stripped
MonoBehaviour:
  m_CorrespondingSourceObject: {fileID: 6659160956431963512, guid: 6d9805c923c40104cba75d80d3dd1427,
    type: 3}
  m_PrefabInstance: {fileID: 7629737412505987008}
  m_PrefabAsset: {fileID: 0}
  m_GameObject: {fileID: 0}
  m_Enabled: 1
  m_EditorHideFlags: 0
  m_Script: {fileID: 11500000, guid: 35432e0c7491a6e4d8254e5f31d8af7b, type: 3}
  m_Name: 
  m_EditorClassIdentifier: 
